[Event "56th Biel Festival Rapid 2023"]
[Site "Biel"]
[Date "2024.04.13"]
[Round "6.8"]
[White "Vantika Agrawal"]
[Black "Harikrishnan.A.Ra"]
[Result "*"]
[WhiteElo "2428"]
[BlackElo "2406"]
[PlyCount "53"]
[EventDate "2023.07.16"]
[EventType "swiss"]
[EventCountry "SUI"]
[TimeControl "900+5"]

1. d4 d5 2. c4 c6 3. Nf3 Nf6 4. e3 Bf5 5. Nc3 e6 6. Nh4 Be4 7. f3 Bg6 8. Qb3 Qc7 9. Bd2 a5 10. Rc1 Be7 11. cxd5 Nxd5 12. Nxg6 hxg6 13. Na4 Nd7 14. e4 N5f6 15. g3 Qb8 16. Kf2 b5 17. Nc3 e5 18. d5 a4 19. Qc2 cxd5 20. Nxd5 Nxd5 21. exd5 O-O 22. Qc6 Nf6 23. Qxb5 e4 24. Qxb8 Raxb8 25. Rc2 exf3 26. Kxf3 Nxd5 27. Bc4 *

[Event "56th Biel Festival Rapid 2023"]
[Site "Biel"]
[Date "2024.04.13"]
[Round "6.9"]
[White "Rasovic, Dragan"]
[Black "Erdos, Viktor"]
[Result "*"]
[WhiteElo "2069"]
[BlackElo "2571"]
[PlyCount "56"]
[EventDate "2023.07.16"]
[EventType "swiss"]
[EventCountry "SUI"]
[TimeControl "900+5"]

1. d4 Nf6 2. Nf3 g6 3. g3 Bg7 4. Bg2 O-O 5. O-O d5 6. b3 c5 7. Bb2 cxd4 8. Nxd4 e5 9. Nf3 e4 10. Nd4 e3 11. f3 Re8 12. Na3 h5 13. c3 h4 14. g4 h3 15. Bxh3 Nh5 16. Bg2 Nf4 17. Nac2 Be5 18. Qe1 Nc6 19. Rd1 Nxd4 20. cxd4 Bc7 21. Bc1 Qd6 22. Qh4 Kg7 23. Bxe3 Nxe2+ 24. Kf2 Rh8 25. Qxh8+ Kxh8 26. Kxe2 Kg7 27. h3 Bd7 28. Kd2 Rc8 *

[Event "56th Biel Festival Rapid 2023"]
[Site "Biel"]
[Date "2024.04.13"]
[Round "6.10"]
[White "Ristevski, Sasko"]
[Black "Haimovich, Tal"]
[Result "*"]
[WhiteElo "1925"]
[BlackElo "2374"]
[PlyCount "57"]
[EventDate "2023.07.16"]
[EventType "swiss"]
[EventCountry "SUI"]
[TimeControl "900+5"]

1. d4 Nf6 2. Nf3 e6 3. e3 b6 4. Bd3 Bb7 5. O-O c5 6. b3 cxd4 7. exd4 Be7 8. Bb2 O-O 9. Qe2 d5 10. Nbd2 Nc6 11. a3 Rc8 12. Rfd1 Nd7 13. Rac1 Bf6 14. Nf1 Nc5 15. Bb5 Ne4 16. Ng3 Nd6 17. Bd3 g6 18. Ne5 Bg7 19. h3 Ne7 20. a4 h5 21. Ba3 h4 22. Nf1 Nef5 23. Bb2 Ne4 24. c3 Rc7 25. Ne3 Qg5 26. Nxf5 exf5 27. Bxe4 fxe4 28. c4 Rfc8 29. Ng4 *

[Event "56th Biel Festival Rapid 2023"]
[Site "Biel"]
[Date "2024.04.13"]
[Round "6.12"]
[White "Rosen, Eric"]
[Black "Akshit Kumar J"]
[Result "*"]
[WhiteElo "2344"]
[BlackElo "2105"]
[PlyCount "58"]
[EventDate "2023.07.16"]
[EventType "swiss"]
[EventCountry "SUI"]
[TimeControl "900+5"]

1. d4 d5 2. Bf4 Nf6 3. e3 c5 4. Nf3 Nc6 5. Nbd2 cxd4 6. exd4 Bg4 7. c3 e6 8. Be2 Bd6 9. Bxd6 Qxd6 10. O-O O-O 11. Re1 Rab8 12. a4 a6 13. Ne5 Bxe2 14. Qxe2 Qc7 15. Nd3 Rfc8 16. Qf3 Nd7 17. h4 Na5 18. Rac1 Nc4 19. Nf1 Qc6 20. b3 Na5 21. Nd2 b5 22. axb5 Qxb5 23. b4 Nc4 24. Nb3 a5 25. Nbc5 axb4 26. cxb4 Nd2 27. Qe3 Nc4 28. Qf4 Ra8 29. Rc3 Nf8 *

[Event "56th Biel Festival Rapid 2023"]
[Site "Biel"]
[Date "2024.04.13"]
[Round "6.14"]
[White "Malli, Suvirr"]
[Black "Sukandar, Irine Kharisma"]
[Result "*"]
[WhiteElo "2094"]
[BlackElo "2358"]
[PlyCount "64"]
[EventDate "2023.07.16"]
[EventType "swiss"]
[EventCountry "SUI"]
[TimeControl "900+5"]

1. e4 e5 2. Nf3 Nc6 3. Bc4 Nf6 4. d3 Bc5 5. O-O d6 6. c3 a6 7. a4 h6 8. Re1 O-O 9. a5 Be6 10. Bxe6 fxe6 11. Qb3 Qd7 12. Be3 Bxe3 13. fxe3 Kh8 14. Nbd2 d5 15. exd5 exd5 16. Rad1 Nxa5 17. Qc2 Nc6 18. e4 d4 19. Nc4 Rae8 20. Ra1 Nh5 21. Nh4 Qg4 22. Nf5 g6 23. Ng3 Nxg3 24. hxg3 Qxg3 25. Rf1 b5 26. Nd2 dxc3 27. bxc3 Qe3+ 28. Kh1 Qe2 29. Rae1 Rxf1+ 30. Rxf1 Rd8 31. Rf3 Kg7 32. Qa2 Rf8 *

[Event "56th Biel Festival Rapid 2023"]
[Site "Biel"]
[Date "2024.04.13"]
[Round "6.16"]
[White "Stebahne, Olaf"]
[Black "Vincenti, Leonardo"]
[Result "0-1"]
[WhiteElo "1913"]
[BlackElo "2117"]
[PlyCount "54"]
[EventDate "2023.07.16"]
[EventType "swiss"]
[EventCountry "SUI"]
[TimeControl "900+5"]

1. c4 e5 2. Nc3 Bb4 3. e3 Nf6 4. Nge2 O-O 5. g3 Re8 6. Bg2 c6 7. O-O d6 8. a3 Ba5 9. b4 Bc7 10. Bb2 Be6 11. d3 d5 12. cxd5 Nxd5 13. Rc1 a6 14. Qc2 f6 15. Ne4 Nd7 16. Rfd1 Qe7 17. d4 Bf5 18. Qb3 exd4 19. Nc5 Nxc5 20. Rxc5 dxe3 21. f4 Be6 22. Qd3 Bb6 23. Rc2 Rad8 24. Bd4 Bxd4 25. Qxd4 Nxb4 26. Qxd8 Rxd8 27. Rxd8+ Qxd8 0-1

[Event "56th Biel Festival Rapid 2023"]
[Site "Biel"]
[Date "2024.04.13"]
[Round "6.20"]
[White "Matta, Vinay Kumar"]
[Black "Wigger, Michael"]
[Result "1-0"]
[WhiteElo "2111"]
[BlackElo "1878"]
[PlyCount "59"]
[EventDate "2023.07.16"]
[EventType "swiss"]
[EventCountry "SUI"]
[TimeControl "900+5"]

1. e4 Nf6 2. Nc3 d5 3. exd5 Nxd5 4. Bc4 c6 5. Nf3 Bg4 6. d4 e6 7. Bd2 Nd7 8. Qe2 Be7 9. O-O-O N7b6 10. Bb3 Qc7 11. h3 Bh5 12. g4 Bg6 13. Ne5 O-O-O 14. h4 f6 15. Nxg6 hxg6 16. Qxe6+ Kb8 17. Nxd5 Nxd5 18. Qf7 Nf4 19. Qxg7 Ne2+ 20. Kb1 Nxd4 21. Qxg6 Nf3 22. Bc3 Nxh4 23. Qg7 Rxd1+ 24. Rxd1 Re8 25. Bxf6 Bxf6 26. Qxf6 Ng2 27. g5 Qd7 28. Qf3 Nh4 29. Qf4+ Ka8 30. Rxd7 1-0

[Event "56th Biel Festival Rapid 2023"]
[Site "Biel"]
[Date "2024.04.13"]
[Round "6.21"]
[White "Ragios, Konstantinos"]
[Black "Baghirov, Rasul"]
[Result "*"]
[WhiteElo "1925"]
[BlackElo "1992"]
[PlyCount "65"]
[EventDate "2023.07.16"]
[EventType "swiss"]
[EventCountry "SUI"]
[TimeControl "900+5"]

1. e4 c5 2. Nf3 Nc6 3. d4 cxd4 4. Nxd4 Nf6 5. Nc3 a6 6. Be2 e5 7. Nb3 Bb4 8. Bg5 h6 9. Bxf6 Bxc3+ 10. bxc3 Qxf6 11. Qd5 O-O 12. Rd1 Rd8 13. Qd6 Qxd6 14. Rxd6 Kf8 15. O-O Ke7 16. Rfd1 Nd4 17. R6xd4 exd4 18. cxd4 d6 19. c4 Bd7 20. Rb1 b5 21. c5 dxc5 22. Nxc5 Be6 23. d5 Rdc8 24. Nb7 Rab8 25. Na5 Bd7 26. Nb3 Rc2 27. Bd3 Rxa2 28. e5 Rc8 29. Rd1 Rc3 30. d6+ Kd8 31. Bb1 Ra3 32. Nd4 Ra1 33. f4 *

[Event "56th Biel Festival Rapid 2023"]
[Site "Biel"]
[Date "2024.04.13"]
[Round "6.22"]
[White "Tureshbayev, Anuar"]
[Black "Toenz, Arthur"]
[Result "1-0"]
[WhiteElo "1845"]
[BlackElo "2040"]
[PlyCount "65"]
[EventDate "2023.07.16"]
[EventType "swiss"]
[EventCountry "SUI"]
[TimeControl "900+5"]

1. e4 c6 2. d4 d5 3. f3 dxe4 4. fxe4 e5 5. Nf3 Bg4 6. Bc4 Nd7 7. O-O Bd6 8. Bxf7+ Kxf7 9. Ng5+ Ke8 10. Qxg4 Ngf6 11. Qf3 Qe7 12. Be3 h6 13. Nh3 exd4 14. Bxd4 Ne5 15. Qe2 g5 16. Nd2 Kd7 17. Rad1 Kc7 18. Nc4 Rad8 19. Rf5 Nfg4 20. Nf2 Nxf2 21. Nxe5 Kc8 22. Kxf2 Bxe5 23. Bxe5 Rhf8 24. Rxd8+ Qxd8 25. Rxf8 Qxf8+ 26. Kg3 Qc5 27. Qg4+ Kd8 28. Qe6 Qe3+ 29. Kg4 Qxe4+ 30. Kh5 Qxc2 31. Qd6+ Ke8 32. Qg6+ Qxg6+ 33. Kxg6 1-0

[Event "56th Biel Festival Rapid 2023"]
[Site "Biel"]
[Date "2024.04.13"]
[Round "6.24"]
[White "Mikavica, Dragoljub"]
[Black "Aeschbacher, Dimitri"]
[Result "*"]
[WhiteElo "2041"]
[BlackElo "1761"]
[PlyCount "38"]
[EventDate "2023.07.16"]
[EventType "swiss"]
[EventCountry "SUI"]
[TimeControl "900+5"]

1. e4 e5 2. Nf3 Nc6 3. c3 Nf6 4. d3 Bc5 5. Bg5 h6 6. Bh4 O-O 7. b4 Bb6 8. Nbd2 d6 9. a4 a5 10. b5 Nb8 11. Nc4 Bc5 12. Ne3 c6 13. Be2 g5 14. Bg3 cxb5 15. axb5 Bxe3 16. fxe3 Ng4 17. Qd2 Qb6 18. d4 exd4 19. exd4 Re8 *

[Event "56th Biel Festival Rapid 2023"]
[Site "Biel"]
[Date "2024.04.13"]
[Round "6.25"]
[White "Ramadugu Akshay"]
[Black "Piazza, Carlo"]
[Result "*"]
[WhiteElo "1844"]
[BlackElo "2106"]
[PlyCount "50"]
[EventDate "2023.07.16"]
[EventType "swiss"]
[EventCountry "SUI"]
[TimeControl "900+5"]

1. d4 Nf6 2. c4 g6 3. Nc3 d5 4. cxd5 Nxd5 5. e4 Nxc3 6. bxc3 Bg7 7. Nf3 c5 8. Be3 Qa5 9. Nd2 O-O 10. Be2 Nc6 11. O-O Qxc3 12. Rc1 Qb4 13. dxc5 Rd8 14. Qc2 Be6 15. Rb1 Qa5 16. Nc4 Qc7 17. Rfc1 Nd4 18. Bxd4 Rxd4 19. Na3 a6 20. Rb6 Rad8 21. Qb1 Rd2 22. Rxb7 Qf4 23. Bf3 Be5 24. g3 Qxf3 25. Rf1 Bh3 *

[Event "56th Biel Festival Rapid 2023"]
[Site "Biel"]
[Date "2024.04.13"]
[Round "6.29"]
[White "Olarte, Stefan"]
[Black "Ermeni, Avni"]
[Result "*"]
[WhiteElo "1879"]
[BlackElo "2138"]
[PlyCount "40"]
[EventDate "2023.07.16"]
[EventType "swiss"]
[EventCountry "SUI"]
[TimeControl "900+5"]

1. Nf3 c5 2. c4 Nf6 3. b3 e6 4. Bb2 d5 5. g3 Nc6 6. Bg2 Be7 7. O-O O-O 8. d3 d4 9. e4 e5 10. h3 a5 11. a4 Re8 12. Nh2 Bd6 13. f4 Nb4 14. f5 g6 15. g4 gxf5 16. g5 Nd7 17. Rxf5 Nf8 18. Qh5 Ng6 19. Ng4 Bxf5 20. exf5 Be7 *

[Event "56th Biel Festival Rapid 2023"]
[Site "Biel"]
[Date "2024.04.13"]
[Round "6.32"]
[White "Rahimi, Hamid"]
[Black "Prieb, Robert"]
[Result "0-1"]
[WhiteElo "1484"]
[BlackElo "2060"]
[PlyCount "54"]
[EventDate "2023.07.16"]
[EventType "swiss"]
[EventCountry "SUI"]
[TimeControl "900+5"]

1. d4 Nf6 2. c4 g6 3. Nc3 d5 4. Bg5 Ne4 5. Nxe4 dxe4 6. Bf4 Bg7 7. e3 O-O 8. Ne2 c5 9. h4 Bg4 10. Qb3 Nc6 11. dxc5 e5 12. Bg3 Qa5+ 13. Nc3 f5 14. Be2 Bxe2 15. Kxe2 f4 16. exf4 Nd4+ 17. Ke3 Nxb3 18. axb3 Qxc5+ 19. Ke2 exf4 20. Bh2 f3+ 21. gxf3 exf3+ 22. Kf1 Bxc3 23. bxc3 Rae8 24. Bg3 Re2 25. Rd1 Rfe8 26. h5 gxh5 27. Rh4 Qf5 0-1

[Event "56th Biel Festival Rapid 2023"]
[Site "Biel"]
[Date "2024.04.13"]
[Round "6.33"]
[White "Rivaud, Christophe"]
[Black "Materia, Matteo"]
[Result "*"]
[WhiteElo "1955"]
[BlackElo "1780"]
[PlyCount "52"]
[EventDate "2023.07.16"]
[EventType "swiss"]
[EventCountry "SUI"]
[TimeControl "900+5"]

1. d4 Nf6 2. c4 e6 3. g3 d5 4. Bg2 Be7 5. Nf3 O-O 6. O-O c6 7. Nc3 b6 8. Qc2 Bb7 9. b3 Nbd7 10. Bb2 c5 11. cxd5 Nxd5 12. Qd2 Nxc3 13. Bxc3 cxd4 14. Bxd4 Bf6 15. Bxf6 Nxf6 16. Rfd1 Qxd2 17. Rxd2 Rfd8 18. Rad1 Rxd2 19. Rxd2 Kf8 20. h3 Ke7 21. Ne5 Bxg2 22. Kxg2 Rc8 23. g4 Rc7 24. f3 Nd7 25. Nc4 Nf6 26. e4 Rd7 *

[Event "56th Biel Festival Rapid 2023"]
[Site "Biel"]
[Date "2024.04.13"]
[Round "6.36"]
[White "Kreienbuehl, Andreas"]
[Black "Paholok, Igor"]
[Result "*"]
[WhiteElo "2138"]
[BlackElo "1710"]
[PlyCount "52"]
[EventDate "2023.07.16"]
[EventType "swiss"]
[EventCountry "SUI"]
[TimeControl "900+5"]

1. d4 g6 2. c4 Bg7 3. Nc3 c5 4. d5 Bxc3+ 5. bxc3 f5 6. Qc2 Nf6 7. f3 d6 8. Bg5 Qa5 9. e3 Bd7 10. Bd3 Ba4 11. Qd2 Nbd7 12. Rb1 Rb8 13. Ne2 Ne5 14. Nf4 Bd7 15. O-O O-O 16. Ne6 Bxe6 17. dxe6 Nxd3 18. Qxd3 Kg7 19. Rf2 Qd8 20. e4 fxe4 21. fxe4 Qc8 22. Bxf6+ exf6 23. e7 Rf7 24. Qxd6 Qe8 25. e5 f5 26. g4 f4 *

[Event "56th Biel Festival Rapid 2023"]
[Site "Biel"]
[Date "2024.04.13"]
[Round "6.38"]
[White "Bonauer, Stephan"]
[Black "Richard, Emma"]
[Result "0-1"]
[WhiteElo "1504"]
[BlackElo "2157"]
[PlyCount "60"]
[EventDate "2023.07.16"]
[EventType "swiss"]
[EventCountry "SUI"]
[TimeControl "900+5"]

1. d4 Nf6 2. c4 e6 3. Nc3 Bb4 4. Qc2 O-O 5. Nf3 d5 6. Bg5 h6 7. Bh4 b6 8. e3 Be7 9. Bg3 c5 10. Nb5 Na6 11. a3 Bb7 12. Be2 cxd4 13. Nbxd4 Nc5 14. O-O Rc8 15. b4 Nce4 16. Ne5 Nxg3 17. fxg3 Bd6 18. Ng4 Nxg4 19. Bxg4 Rxc4 20. Qf2 Bc8 21. Rac1 Rxc1 22. Rxc1 Bd7 23. Nc6 Qa8 24. b5 Bxa3 25. Ra1 Bxc6 26. bxc6 Bc5 27. Qf4 a5 28. c7 Qc6 29. Rc1 Rc8 30. Bf3 Rxc7 0-1

[Event "56th Biel Festival Rapid 2023"]
[Site "Biel"]
[Date "2024.04.13"]
[Round "6.40"]
[White "Chervet, Olivier"]
[Black "Begdullayev, Tamerlan"]
[Result "*"]
[WhiteElo "1963"]
[BlackElo "1783"]
[PlyCount "22"]
[EventDate "2023.07.16"]
[EventType "swiss"]
[EventCountry "SUI"]
[TimeControl "900+5"]

1. d4 d5 2. e3 Nf6 3. Bd3 c5 4. c3 Nc6 5. f4 e6 6. Nd2 cxd4 7. cxd4 Be7 8. Ngf3 O-O 9. Ne5 Nd7 10. Qh5 f5 11. O-O g6 *

[Event "56th Biel Festival Rapid 2023"]
[Site "Biel"]
[Date "2024.04.13"]
[Round "6.41"]
[White "Dorand, Jean-Pierre"]
[Black "Keymer, Cecilia"]
[Result "1/2-1/2"]
[WhiteElo "1885"]
[BlackElo "1698"]
[PlyCount "56"]
[EventDate "2023.07.16"]
[EventType "swiss"]
[EventCountry "SUI"]
[TimeControl "900+5"]

1. c4 c6 2. Nf3 d5 3. cxd5 cxd5 4. d4 Nc6 5. Nc3 Nf6 6. Bf4 a6 7. e3 Bg4 8. Be2 e6 9. O-O Bd6 10. Bg3 O-O 11. Bxd6 Qxd6 12. h3 Bh5 13. a3 Rac8 14. Rc1 Na5 15. Ne5 Bxe2 16. Qxe2 Nc4 17. Nxc4 dxc4 18. Rfd1 Nd5 19. Ne4 Qc6 20. f3 b5 21. Nc5 Rfd8 22. Kf2 Qb6 23. g3 h6 24. a4 Nb4 25. axb5 axb5 26. Ra1 Ra8 27. Qd2 Nd5 28. Kg2 Qc6 1/2-1/2

[Event "56th Biel Festival Rapid 2023"]
[Site "Biel"]
[Date "2024.04.13"]
[Round "6.46"]
[White "Creux François"]
[Black "Ranieri, Pierpaolo"]
[Result "*"]
[WhiteElo "1753"]
[BlackElo "1753"]
[PlyCount "86"]
[EventDate "2023.07.16"]
[EventType "swiss"]
[EventCountry "SUI"]
[TimeControl "900+5"]

1. e4 d5 2. exd5 Qxd5 3. Nc3 Qd8 4. h3 Nf6 5. Nf3 Nc6 6. d4 Bf5 7. a3 e6 8. Bg5 Be7 9. Be2 h6 10. Be3 O-O 11. O-O Qd7 12. Bb5 a6 13. Ba4 b5 14. Bb3 Rfd8 15. Ne5 Nxe5 16. dxe5 Ne4 17. Nxe4 Bxe4 18. Qe2 Bb7 19. Rfd1 Qc6 20. f3 Bc5 21. Rd3 Rxd3 22. Qxd3 Bxe3+ 23. Qxe3 Rd8 24. Kf2 a5 25. a4 b4 26. Re1 Ba6 27. Qe4 Rd2+ 28. Kg3 Qxe4 29. fxe4 c5 30. Rc1 Rd4 31. Kf4 c4 32. Ba2 Bb7 33. Re1 Bc6 34. b3 c3 35. g4 g5+ 36. Kf3 Kf8 37. Bb1 Ke7 38. Ba2 Kd7 39. Bb1 Kc7 40. Ba2 Kb6 41. Bb1 Kc5 42. Ba2 Rd2 43. Bb1 Kd4 *

[Event "56th Biel Festival Rapid 2023"]
[Site "Biel"]
[Date "2024.04.13"]
[Round "6.48"]
[White "Giambrone, Salvatore"]
[Black "Girardin Elias"]
[Result "*"]
[WhiteElo "1772"]
[BlackElo "1419"]
[PlyCount "55"]
[EventDate "2023.07.16"]
[EventType "swiss"]
[EventCountry "SUI"]
[TimeControl "900+5"]

1. d4 f5 2. Nf3 e6 3. g3 Nf6 4. c4 Be7 5. Bg2 O-O 6. Nc3 d6 7. O-O Ne4 8. Nd2 Nxc3 9. bxc3 e5 10. e4 fxe4 11. Nxe4 Nc6 12. Be3 Qe8 13. Rb1 Na5 14. Qe2 Qg6 15. Nd2 Bf5 16. Rb5 Bd3 17. Qe1 Bxf1 18. Kxf1 b6 19. Bxa8 Rxa8 20. dxe5 c6 21. Rb2 dxe5 22. Qe2 Rf8 23. Nb3 Ba3 24. Rd2 Nxb3 25. axb3 Bc1 26. Rd3 Bxe3 27. Qxe3 Qf5 28. b4 *

[Event "56th Biel Festival Rapid 2023"]
[Site "Biel"]
[Date "2024.04.13"]
[Round "7.2"]
[White "Pranav Anand"]
[Black "Huang, Renjie"]
[Result "1/2-1/2"]
[WhiteElo "2510"]
[BlackElo "2445"]
[PlyCount "86"]
[EventDate "2023.07.16"]
[EventType "swiss"]
[EventCountry "SUI"]
[TimeControl "900+5"]

1. d4 Nf6 2. c4 e6 3. Nc3 d5 4. cxd5 exd5 5. Bg5 c6 6. e3 Be7 7. Bd3 Nbd7 8. Qc2 Nh5 9. Bxe7 Qxe7 10. Nge2 g6 11. g4 Nhf6 12. h3 Nb6 13. O-O-O Be6 14. Kb1 O-O-O 15. Nf4 Kb8 16. Qb3 h5 17. g5 Ne8 18. Nxe6 Qxe6 19. a4 Nd6 20. a5 Nbc4 21. a6 b6 22. Qa4 Rc8 23. b3 Na5 24. Kb2 f6 25. gxf6 Rhf8 26. Rd2 Rxf6 27. Qa1 c5 28. dxc5 d4 29. exd4 Qxb3+ 30. Kc1 Ndc4 31. Rc2 Na3 32. Ra2 N5c4 33. Bxc4 Nxc4 34. Rc2 bxc5 35. d5 Ka8 36. Qa4 Qb4 37. Re1 Rxf2 38. Rxf2 Qxc3+ 39. Kd1 Qd4+ 40. Kc1 Qc3+ 41. Kd1 Qd3+ 42. Kc1 Qc3+ 43. Kd1 Qd3+ 1/2-1/2

[Event "56th Biel Festival Rapid 2023"]
[Site "Biel"]
[Date "2024.04.13"]
[Round "7.6"]
[White "Riff, Jean-Noel"]
[Black "Toktomushev, Teimur"]
[Result "0-1"]
[WhiteElo "2401"]
[BlackElo "2206"]
[PlyCount "88"]
[EventDate "2023.07.16"]
[EventType "swiss"]
[EventCountry "SUI"]
[TimeControl "900+5"]

1. e4 c5 2. Nf3 e6 3. d4 cxd4 4. Nxd4 a6 5. Be2 Nf6 6. Nc3 d6 7. O-O Be7 8. f4 Qc7 9. Kh1 Nbd7 10. Bf3 Nc5 11. Qe1 O-O 12. e5 Ne8 13. Qg3 f6 14. exf6 Bxf6 15. Be3 d5 16. f5 Qxg3 17. hxg3 Nc7 18. fxe6 N5xe6 19. Rad1 Nxd4 20. Bxd4 Bxd4 21. Rxd4 Be6 22. Rfd1 Rad8 23. Kg1 Rf5 24. Bg4 Re5 25. Bxe6+ Nxe6 26. Rxd5 Rdxd5 27. Rxd5 Re1+ 28. Kf2 Rc1 29. Rd2 h5 30. Ne4 Rb1 31. b3 Rb2 32. a4 b5 33. axb5 axb5 34. Ke3 Rb1 35. Rd6 Re1+ 36. Kf3 Kf7 37. Rb6 Nd4+ 38. Kf4 Nxc2 39. Rxb5 Rf1+ 40. Ke5 Ne3 41. Rb7+ Kg6 42. Rb6+ Kf7 43. Ng5+ Ke8 44. Ke6 Rf6+ 0-1

[Event "56th Biel Festival Rapid 2023"]
[Site "Biel"]
[Date "2024.04.13"]
[Round "7.7"]
[White "Ouellet, Maili-Jade"]
[Black "Rodrigue-Lemieux, Shawn"]
[Result "0-1"]
[WhiteElo "2201"]
[BlackElo "2495"]
[PlyCount "59"]
[EventDate "2023.07.16"]
[EventType "swiss"]
[EventCountry "SUI"]
[TimeControl "900+5"]

1. d4 e6 2. c4 Bb4+ 3. Nd2 d5 4. a3 Be7 5. e4 c5 6. Ngf3 cxd4 7. cxd5 exd5 8. exd5 Nf6 9. Qa4+ Nbd7 10. Qxd4 Bc5 11. Qc4 O-O 12. Be2 Qe7 13. Nb3 Bd6 14. Be3 Nb6 15. Bxb6 axb6 16. O-O Bd7 17. Nbd4 Rfc8 18. Qb3 Bc5 19. Rfe1 Qd6 20. Bb5 Rd8 21. Rad1 Bxb5 22. Nxb5 Qf4 23. g3 Qf5 24. Re5 Qh3 25. Ng5 Bxf2+ 26. Kxf2 Ng4+ 27. Ke1 Qxh2 28. Re2 Qh1+ 29. Kd2 Qxd5+ 30. Kc1 0-1

[Event "56th Biel Festival Rapid 2023"]
[Site "Biel"]
[Date "2024.04.13"]
[Round "7.16"]
[White "Haugner, Jan"]
[Black "von Burg, Carl Alexander"]
[Result "1-0"]
[WhiteElo "2066"]
[BlackElo "1537"]
[PlyCount "117"]
[EventDate "2023.07.16"]
[EventType "swiss"]
[EventCountry "SUI"]
[TimeControl "900+5"]

1. e4 c6 2. d4 d5 3. e5 c5 4. Nf3 Nc6 5. dxc5 Bg4 6. Bb5 Qa5+ 7. Nc3 e6 8. Be3 a6 9. Bxc6+ bxc6 10. a3 Ne7 11. b4 Qc7 12. Bd4 Nf5 13. Ne2 Bxf3 14. gxf3 a5 15. Ng3 Nxd4 16. Qxd4 axb4 17. axb4 Rxa1+ 18. Qxa1 Be7 19. O-O O-O 20. Qd4 Ra8 21. f4 g6 22. Ra1 Qb7 23. Rxa8+ Qxa8 24. c4 Qa2 25. cxd5 exd5 26. Kg2 Qb3 27. Ne2 h5 28. Nc3 h4 29. h3 Kh7 30. Nd1 Bd8 31. Ne3 Qa4 32. f5 gxf5 33. Nxf5 Qc2 34. Qg4 Qe4+ 35. Qxe4 dxe4 36. Nd6 f5 37. b5 cxb5 38. Nxb5 Kg6 39. c6 f4 40. c7 Bxc7 41. Nxc7 Kf5 42. e6 f3+ 43. Kf1 Kf6 44. Ke1 Ke7 45. Kd2 Kd6 46. Ke3 Kxc7 47. Kxe4 Kd6 48. Kxf3 Kxe6 49. Kg4 Kf6 50. Kxh4 Kf5 51. Kg3 Kg5 52. h4+ Kf5 53. f4 Kg6 54. Kg4 Kf6 55. h5 Kg7 56. Kf5 Kh6 57. Ke6 Kxh5 58. f5 Kh6 59. Ke7 1-0

[Event "56th Biel Festival Rapid 2023"]
[Site "Biel"]
[Date "2024.04.13"]
[Round "7.20"]
[White "Kocharin, Timur"]
[Black "Berger, Stefan"]
[Result "*"]
[WhiteElo "2225"]
[BlackElo "1881"]
[PlyCount "59"]
[EventDate "2023.07.16"]
[EventType "swiss"]
[EventCountry "SUI"]
[TimeControl "900+5"]

1. e4 c6 2. d4 d5 3. exd5 cxd5 4. Bd3 Nc6 5. c3 Nf6 6. Bf4 g6 7. Nf3 Bg7 8. O-O O-O 9. Re1 Bg4 10. Nbd2 Qb6 11. Qb3 Rfe8 12. Qxb6 axb6 13. h3 Bf5 14. Bb5 Bd7 15. Bc7 Na5 16. a4 Nc4 17. Nxc4 dxc4 18. Bxb6 Bxb5 19. axb5 e6 20. Nd2 Nd7 21. Bc7 Rac8 22. b6 e5 23. d5 Nf6 24. d6 Nd7 25. Nxc4 f5 26. Na5 e4 27. Nxb7 f4 28. Na5 e3 29. b7 exf2+ 30. Kxf2 *

[Event "56th Biel Festival Rapid 2023"]
[Site "Biel"]
[Date "2024.04.13"]
[Round "7.21"]
[White "Schmuki, Roman"]
[Black "Dergatschova, Anna"]
[Result "1-0"]
[WhiteElo "1867"]
[BlackElo "2120"]
[PlyCount "69"]
[EventDate "2023.07.16"]
[EventType "swiss"]
[EventCountry "SUI"]
[TimeControl "900+5"]

1. e4 c5 2. Nf3 Nc6 3. d4 cxd4 4. Nxd4 g6 5. c4 Nxd4 6. Qxd4 Nf6 7. Nc3 Bg7 8. Be2 O-O 9. Qd1 d6 10. O-O Bd7 11. Be3 Bc6 12. Qc2 a6 13. Rac1 Rc8 14. Qb1 Nd7 15. Rfd1 Qe8 16. b4 Bxc3 17. Rxc3 b5 18. Rdc1 Rb8 19. Bh6 Nf6 20. f3 Qd8 21. Bxf8 Kxf8 22. Rd1 Qb6+ 23. c5 Qa7 24. Kh1 d5 25. exd5 Bxd5 26. Rcd3 e6 27. Qb2 Ke7 28. Qe5 Rd8 29. Rd4 Qb7 30. Qg5 h6 31. Qe5 Qc6 32. R1d2 g5 33. Bd3 Bxf3 34. Rxd8 Bxg2+ 35. Rxg2 1-0

[Event "56th Biel Festival Rapid 2023"]
[Site "Biel"]
[Date "2024.04.13"]
[Round "7.22"]
[White "Chobaut, Nicolas"]
[Black "Schweizer, Samuel"]
[Result "0-1"]
[WhiteElo "1919"]
[BlackElo "2084"]
[PlyCount "72"]
[EventDate "2023.07.16"]
[EventType "swiss"]
[EventCountry "SUI"]
[TimeControl "900+5"]

1. c4 g6 2. g3 Bg7 3. Bg2 d6 4. Nf3 e5 5. Nc3 Ne7 6. d3 Nbc6 7. Rb1 f5 8. O-O O-O 9. Bg5 h6 10. Bxe7 Nxe7 11. e3 Kh7 12. d4 e4 13. Nd2 Be6 14. f3 exf3 15. Bxf3 c6 16. d5 Bg8 17. Kh1 Qc7 18. Nb3 c5 19. Qc2 a6 20. a4 Rae8 21. Rbe1 Kh8 22. Nd2 Bh7 23. Qb3 g5 24. Bg2 Ng6 25. e4 f4 26. Ne2 Be5 27. gxf4 Nxf4 28. Nxf4 Bxf4 29. Rf2 Qe7 30. Rfe2 g4 31. Nf1 Be5 32. Ng3 Qh4 33. Kg1 Rf7 34. Rf1 Ref8 35. Rxf7 Rxf7 36. Rf2 Bd4 0-1

[Event "56th Biel Festival Rapid 2023"]
[Site "Biel"]
[Date "2024.04.13"]
[Round "7.28"]
[White "Baghirov, Rasul"]
[Black "Kleinert, Juergen"]
[Result "*"]
[WhiteElo "1992"]
[BlackElo "1802"]
[PlyCount "79"]
[EventDate "2023.07.16"]
[EventType "swiss"]
[EventCountry "SUI"]
[TimeControl "900+5"]

1. e4 e5 2. Nf3 d5 3. d4 dxe4 4. Nxe5 Bd6 5. Nc4 Be7 6. Nc3 Nf6 7. Be2 O-O 8. Bg5 Bf5 9. O-O h6 10. Bh4 Nc6 11. d5 Nb4 12. Ne3 Bh7 13. Bg3 c6 14. dxc6 Nxc6 15. Bc4 Qa5 16. Ned5 Nxd5 17. Nxd5 Bg5 18. h4 Bd8 19. Bd6 Re8 20. b4 Qa3 21. Rb1 Ne5 22. Rb3 Qa4 23. Nc3 Qd7 24. Bxe5 Qxd1 25. Rxd1 Rxe5 26. Rd7 e3 27. Rxf7 Kh8 28. Rf8+ Bg8 29. Rxg8+ Kh7 30. Ne2 b5 31. Bf7 exf2+ 32. Kf1 Rf5 33. Rf8 g6 34. Bg8+ Kg7 35. Rxf5 gxf5 36. Bd5 Rc8 37. Rc3 Rb8 38. g3 Bf6 39. Rc7+ Kg6 40. Nf4# *

[Event "56th Biel Festival Rapid 2023"]
[Site "Biel"]
[Date "2024.04.13"]
[Round "7.34"]
[White "Tcheau, Alain"]
[Black "Begdullayev, Tamerlan"]
[Result "*"]
[WhiteElo "1985"]
[BlackElo "1783"]
[PlyCount "104"]
[EventDate "2023.07.16"]
[EventType "swiss"]
[EventCountry "SUI"]
[TimeControl "900+5"]

1. d4 d5 2. e3 Nf6 3. Nc3 c5 4. dxc5 e6 5. Nf3 Bxc5 6. Bb5+ Bd7 7. Bxd7+ Nbxd7 8. O-O O-O 9. Bd2 Rb8 10. Ne2 Bd6 11. Ng3 Qc7 12. Rc1 Ne4 13. Re1 Ndf6 14. Nd4 Nxg3 15. hxg3 a6 16. b3 b5 17. c3 Ne4 18. Rc2 Rfc8 19. Qc1 Qe7 20. Rd1 Qf6 21. Be1 Rc7 22. Ne2 Rbc8 23. f3 Nc5 24. c4 bxc4 25. bxc4 Nb7 26. Qb2 Qxb2 27. Rxb2 Be5 28. Rb6 dxc4 29. Rxa6 c3 30. Nc1 c2 31. Rd2 Bb2 32. Nd3 c1=Q 33. Nxc1 Bxc1 34. Rd1 Bxe3+ 35. Kh2 Rc5 36. g4 h5 37. Rd7 Nd8 38. Ba5 Rd5 39. Rxd5 exd5 40. Rd6 Nb7 41. Rxd5 hxg4 42. Bb4 Bf4+ 43. Kg1 g3 44. Rd1 Rc2 45. a3 Be3+ 46. Kf1 Rf2+ 47. Ke1 Rxg2 48. Rd7 Nc5 49. Rd8+ Kh7 50. Kd1 Ne6 51. Re8 Ra2 52. Re7 g2 *